 Dungeon Crawl Stone Soup version 0.29-a0-360-g8ed1089bbe (webtiles) character file.

Game seed: 7610214735834761931

618 Zeldest the Magician (level 7, 0/51 HPs)
             Began as a Djinni Wanderer on Apr 28, 2022.
             Was an Initiate of Makhleb.
             Slain by an ice beast (12 damage)
             ... on level 5 of the Dungeon.
             The game lasted 00:07:26 (5100 turns).

Zeldest the Magician (Djinni Wanderer)              Turns: 5100, Time: 00:07:27

Health: 0/51       AC:  3    Str: 11    XL:     7   Next: 74%
Gold:   190        EV: 12    Int: 14    God:    Makhleb [......] SH:  0 Dex: 14

rFire   + + +      SeeInvis .   h - +4 lajatang (speed)
rCold   . . .      Faith    .   (shield currently unavailable)
rNeg    . . .      Spirit   .   e - +0 robe
rPois   ∞          Reflect  .   v - +0 helmet
rElec   +          Harm     .   (no cloak)
rCorr   +          Rampage  .   (no gloves)
Will    .....                   (boots unavailable)
Stlth   +.........              (no amulet)
HPRegen 0.17/turn               (no ring)
MPRegen 0.00/turn               (no ring)

@: resistant, flying
A: sickness immunity, fire resistance 2, cold vulnerability 1, float, innate
caster, HP casting, extra vitality 1
a: Renounce Religion


You were on level 5 of the Dungeon.
You worshipped Makhleb.
Makhleb was noncommittal.
You visited 2 branches of the dungeon, and saw 6 of its levels.

You collected 190 gold pieces.

Inventory:

Hand Weapons
 a - a +2 dagger
 h - a +4 lajatang of speed (weapon)
Missiles
 b - 4 curare-tipped darts (quivered)
 r - 6 atropa-tipped darts
 s - 7 poisoned darts
Armour
 e - a +0 robe (worn)
 v - a +0 helmet (worn)
Wands
 c - a wand of polymorph (17)
 p - a wand of acid (11)
Scrolls
 d - 2 scrolls of silence
 g - 5 scrolls of teleportation
 j - 2 scrolls of magic mapping {unknown}
 k - a scroll of fog
 l - a scroll of summoning {unknown}
 m - 2 scrolls of fear {unknown}
 u - a scroll of noise {unknown}
 w - a scroll of identify
Potions
 f - 5 potions of curing
 n - a potion of ambrosia
 o - a potion of flight
 q - a potion of attraction
 t - a potion of degeneration


   Skills:
 + Level 3.7 Fighting
 * Level 2.1 Staves
 - Level 2.5 Throwing
 - Level 1.5 Dodging
 * Level 4.4 Spellcasting
 - Level 1.3 Invocations
 - Level 4.1 Evocations


You had 8 spell levels left.
You knew the following spells:

 Your Spells              Type           Power      Damage    Failure   Level
a - Static Discharge      Conj/Air       15%        N/A       4%          2
b - Mephitic Cloud        Conj/Pois/Air  15%        N/A       9%          3
c - Apportation           Tloc           30%        N/A       3%          1
Your spell library was empty.

Dungeon Overview and Level Annotations

Branches:
Dungeon (5/15)             Temple (1/1) D:5

Altars:
Ashenzari
Cheibriados
Dithmenos
Elyvilon
Fedhas
Makhleb
Nemelex Xobeh
Okawaru
Qazlal
Ru
Sif Muna
Vehumet
Wu Jian
Xom
Yredelemnul
Zin

Shops:
D:1 *((:=   D:5 **


Innate Abilities, Weirdness & Mutations

You are immune to sickness and miasma.
You are immune to poison.
Your flesh is very heat resistant. (rF++)
You are vulnerable to cold. (rC-)
You float through the air rather than walking.
You learn spells naturally, not from books.
Your magical power is your life essence.
You have superior vitality. (+4 MHP)


Message History

No target in view!
A hound comes into view.
Found an escape hatch in the floor.
There is an open door here.
You see here a scorpion corpse.
A hound is nearby!
A hound is nearby!
The hound barks!
You miss the hound. The hound bites you. The hound closely misses you.
You slash the hound!
You kill the hound!
Makhleb accepts your kill.
No target in view!
No target in view!
c - a wand of polymorph (17) (gained 10 charges)
You reach down and open the door.
There is an open door here.
You reach down and open the door.
There is an open door here.
An ice beast comes into view.
An ice beast is nearby!
An ice beast is nearby!
You slash the ice beast!
The ice beast is moderately wounded.
The ice beast closely misses you.
You closely miss the ice beast.
The ice beast is moderately wounded.
You barely miss the ice beast.
The ice beast is moderately wounded.
The ice beast hits you. The ice beast freezes you!!
You feel a terrible chill!
You barely miss the ice beast.
The ice beast is moderately wounded.
The ice beast hits you. The ice beast freezes you!
You feel a terrible chill!
* * * LOW HITPOINT WARNING * * *
Okay, then.
You feel protected. The ice beast hits you.
* * * LOW HITPOINT WARNING * * *
The ice beast freezes you!
You die...

##.........#.###'########..
#..........†......#...#....
#....#⌠∩⌠#........'...#....
#....#####........#...+....
#....+............#...#....
#..#.##..###..##.####.####.
#######..###..##.####.####.
......................#.
.......@..............#.
.......Y..............#.
..............†.......#.
......................#.
#.##..###..####.####.### #
### #### #+####.###
#......... #.........
#.........


You could see an ice beast.

Vanquished Creatures
  5 scorpions
  2 hounds (D:5)
  2 jellies (D:4)
  An orc wizard (D:3)
  An iguana (D:5)
  3 gnolls (D:3)
  5 adders
  An ufetubus (D:5)
  2 dart slugs (D:1)
  4 orcs
  2 ball pythons
  5 bats
  4 endoplasms
  7 giant cockroaches
  6 goblins
  5 hobgoblins
  3 jackals (D:2)
  6 kobolds
  5 quokkas
  4 frilled lizards
  6 rats
79 creatures vanquished.

Vanquished Creatures (others)
  3 fungi (D:2)
  4 plants (D:2)
7 creatures vanquished.

Grand Total: 86 creatures vanquished

Notes
Turn   | Place    | Note
-------+----------+-------------------------------------------
     0 | D:1      | Zeldest the Djinni Wanderer began the quest for the Orb.
     0 | D:1      | Reached XP level 1. HP: 15/15 MP: 0/0
    96 | D:1      | Found Suif Ihats's Jewellery Boutique.
   164 | D:1      | Reached XP level 2. HP: 14/21 MP: 0/0
   212 | D:1      | Found Cuts's Book Shop.
   476 | D:1      | Found Etripsawn's Antique Weapon Emporium.
   484 | D:1      | Reached XP level 3. HP: 25/25 MP: 0/0
   484 | D:1      | Learned a level 1 spell: Apportation
   506 | D:1      | Found Qam Amo's Weapon Boutique.
   530 | D:1      | Found Acivux's General Store.
  1193 | D:2      | Reached skill level 1 in Fighting
  1446 | D:2      | Reached XP level 4. HP: 26/32 MP: 0/0
  1832 | D:2      | Found a faded altar of an unknown god.
  2525 | D:3      | Reached XP level 5. HP: 30/38 MP: 0/0
  2525 | D:3      | Learned a level 2 spell: Static Discharge
  3122 | D:3      | Found a shimmering altar of Xom.
  3127 | D:3      | Found a shimmering altar of Xom.
  3127 | D:3      | Found a shimmering altar of Xom.
  3583 | D:4      | Noticed a black bear
  3886 | D:4      | Reached XP level 6. HP: 19/45 MP: 0/0
  4498 | D:5      | Entered Level 5 of the Dungeon
  4677 | D:5      | Identified a scroll of acquirement
  4695 | D:5      | Acquired a +4 lajatang of speed
  4719 | D:5      | Found a staircase to the Ecumenical Temple.
  4736 | Temple   | Entered the Ecumenical Temple
  4848 | Temple   | Became a worshipper of Makhleb the Destroyer
  4870 | D:5      | Found a glowing silver altar of Zin.
  4870 | D:5      | Found an ornate altar of the Wu Jian Council.
  4885 | D:5      | Reached skill level 1 in Staves
  4885 | D:5      | Reached XP level 7. HP: 42/50 MP: 0/0
  4885 | D:5      | Learned a level 3 spell: Mephitic Cloud
  4968 | D:5      | Found Myxt's General Store.
  4972 | D:5      | Found Kehaim's Specific Store.
  5100 | D:5      | Slain by an ice beast

Illustrated notes

Levels and vault maps discovered:
D:1:      dpeg_arrival_refuge, layout_basic, serial_shops,
          nicolae_shop_competitors_out_of_business, shop, shop_statue,
          nicolae_shop_behind_doors, nicolae_shop_statue_plus, minivault_27
D:2:      layout_loops_ring, dreamdust_ecumenical_altar_grove, minmay_bisected
D:3:      layout_basic, xom_redecorated
D:4:      layout_basic, uniq_blork_the_orc
D:5:      layout_gridville, gammafunk_temple_overflow_wave,
          minmay_temple_entry_junction_2, serial_shops, nicolae_shop_trees,
          nicolae_specific_store, chequers_serial_rivers_small_a
Temple:   dshaligram_water_room_temple

Skill      XL: |  1  2  3  4  5  6  7 |
---------------+----------------------+-----
Fighting       | 1 2 3 |  3.7
Spellcasting   | 2 3 4 |  4.4
Staves         | 1 2 |  2.1
Throwing       | |  2.5
Dodging        | |  1.5
Invocations    | |  1.3
Evocations     | |  4.1

Action                   |  1- 3 |  4- 6 |  7- 9 || total
-------------------------+-------+-------+-------++-------
Melee: Dagger            |   114 |    79 |       ||   193
       Punch             |     1 |     1 |       ||     2
       Unarmed           |       |    16 |       ||    16
       Lajatang          |       |    10 |    15 ||    25
 Cast: Static Discharge  |       |    38 |       ||    38
  Use: Scroll            |     3 |     7 |       ||    10
       Potion            |     2 |     2 |     1 ||     5
 Stab: Sleeping          |     1 |     1 |     1 ||     3
Armor: Robe              |    31 |    18 |       ||    49
       Skin              |    16 |    10 |       ||    26
Dodge: Dodged            |    68 |    72 |     6 ||   146

Table legend: (Time is in decaauts)
 A = Elapsed time spent in this place.
 B = Non-inter-level travel time spent in this place.
 C = Inter-level travel time spent in this place.
 D = Time resting spent in this place.
 E = Time spent auto-exploring this place.
 F = Levels seen in this place.
 G = Mean time per level.
                   A        B        C        D        E       F      G
               +--------+--------+--------+--------+--------+-----+--------+
         Total |   5095 |   4974 |    121 |   2191 |   1996 |   6 |  849.2 |
       Dungeon |   4974 |   4862 |    112 |   2191 |   1936 |   5 |  994.8 |
        Temple |    121 |    112 |      9 |      0 |     60 |   1 |  121.0 |
               +--------+--------+--------+--------+--------+-----+--------+

Top non-repeatable levels by time:
     D:2: 1348 daAuts
     D:3: 1271 daAuts
     D:4: 1012 daAuts
     D:1: 865 daAuts
     D:5: 477 daAuts
  Temple: 121 daAuts
